 Dungeon Crawl Stone Soup version 0.32-a0-468-g38b2580584 (webtiles) character file.

Game seed: 6691986820038988680

2 Esekla the Sneak (level 1, -2/16 HPs)
             Began as an Octopode Delver on Feb 25, 2024.
             Slain by a hound (5 damage)
             ... on level 5 of the Dungeon.
             The game lasted 00:02:30 (130 turns).

Esekla the Sneak (Octopode Delver)                   Turns: 130, Time: 00:02:31

Health: -2/16      AC:  1    Str: 11    XL:     1   Next: 40%
Magic:  1/1        EV: 13    Int: 12    God:
Gold:   0          SH:  0    Dex: 13    Spells: 0/0 levels left

rFire   . . .        a - +0 falchion
rCold   . . .        (no shield)
rNeg    . . .        (helmet restricted)
rPois   .            (no amulet)
rElec   .            (no ring)
rCorr   .            (no ring)
SInv    .            (no ring)
Will    .....        (no ring)
Stlth   ++++         (no ring)
HPRegen 0.22/turn    (no ring)
MPRegen 0.07/turn    (no ring)
                     (no ring)

%: no passive effects
@: no status effects
A: almost no armour, amphibious, 8 rings, camouflage 1, gelatinous body 1,
(nimble swimmer 1), tentacles
a: no special abilities


You were on level 5 of the Dungeon.
You visited 1 branch of the dungeon, and saw 1 of its levels.

Inventory:

Hand Weapons
 a - a +0 falchion (weapon)
Wands
 f - a wand of digging (3)
Scrolls
 b - a scroll of fog
Potions
 e - a potion of haste


   Skills:
 * Level 3.0 Fighting
 + Level 2.0 Long Blades
 * Level 2.0 Dodging
 + Level 6.7 Stealth
 * Level 0.1 Spellcasting


You couldn't memorise any spells.
You didn't know any spells.
Your spell library was empty.

Dungeon Overview and Level Annotations

Branches:
Dungeon (5/15)             Temple (0/1) D:5

Altars:

Shops:
D:5 *


Innate Abilities, Weirdness & Mutations

You cannot wear most types of armour.
You are amphibious.
You can wear up to eight rings at the same time.
Your skin changes colour to match your surroundings (Stealth+).
Your rubbery body absorbs attacks. (AC +1, EV +1)
((You are camouflaged when in or above water. (Stealth+)))
You have tentacles for arms and can constrict up to eight enemies at once.


Message History

A white imp comes into view.
Found 7 stones.
Found Kapojog's Assorted Antiques.
The jelly quivers.
The adder hisses angrily.
Found an escape hatch in the ceiling.
As you read the scroll of fear, it crumbles to dust.
You assume a fearsome visage.
The jelly looks frightened!
The adder looks frightened!
The white imp looks frightened!
You see here 7 stones.
There is an entrance to Kapojog's Assorted Antiques here.
You can access your shopping list by pressing '$'.
Found a leather armour.
A hound comes into view.
Okay, then.
You see here a +0 leather armour.
Found a cloak.
A dart slug comes into view.
The dart slug bites you but does no damage.
You barely miss the dart slug. You grab the dart slug.
You squeeze the dart slug.
The dart slug is severely wounded.
You constrict the dart slug, but do no damage.
The dart slug bites you.
You hit the dart slug. You squeeze the dart slug.
You kill the dart slug!
Found a puce potion.
A centaur comes into view.
You see here a +0 leather armour.
The hound barks!
The hound bites you. The hound barely misses you.
You hit the hound but do no damage. Your grab misses the hound.
The hound bites you but does no damage.
You closely miss the hound. You grab the hound. You constrict the hound.
The hound bites you. The hound closely misses you.
You barely miss the hound. Your squeeze misses the hound.
The hound is lightly wounded.
You constrict the hound. The hound bites you.
* * * LOW HITPOINT WARNING * * *
The hound bites you.
You die...

....#
*~~~~*,*~~~~*
#####
*~~~~#.#~~~~*
*****#.#*****
#.# #.# #.# #.#
#h# ####@# #
###....# ######
####...####
.....###....###
####..##[...#
##.......#
#........# #*
#.###....#
.#*#.# #....#


You could see a hound.

Vanquished Creatures
  A dart slug (D:5)
1 creature vanquished.

Notes
Turn   | Place    | Note
-------+----------+-------------------------------------------
     0 | D:5      | Esekla the Octopode Delver began the quest for the Orb.
     0 | D:5      | Reached XP level 1. HP: 16/16 MP: 1/1
    15 | D:5      | Noticed a jelly
    20 | D:5      | Found Kapojog's Assorted Antiques.
    54 | D:5      | Noticed a hound
   102 | D:5      | Noticed a centaur
   130 | D:5      | Slain by a hound

Illustrated notes

Levels and vault maps discovered:
D:5:      layout_rooms, marbit_many_paths, minmay_temple_entry_poolview,
          serial_shops, shop

Action                     || total
---------------------------++-------
  Melee: Falchion          ||     5
         Constrict         ||     2
         Tentacles         ||     2
    Use: Scroll            ||     2
 Armour: Skin              ||     7
  Dodge: Dodged            ||     2

Table legend: (Time is in decaauts)
 A = Elapsed time spent in this place.
 B = Non-inter-level travel time spent in this place.
 C = Inter-level travel time spent in this place.
 D = Time resting spent in this place.
 E = Time spent auto-exploring this place.
 F = Levels seen in this place.
 G = Mean time per level.
                   A        B        C        D        E       F      G
               +--------+--------+--------+--------+--------+-----+--------+
         Total |    130 |    130 |      0 |      0 |      0 |   1 |  130.0 |
       Dungeon |    130 |    130 |      0 |      0 |      0 |   1 |  130.0 |
               +--------+--------+--------+--------+--------+-----+--------+

Top non-repeatable levels by time:
     D:5: 130 daAuts
